 Dungeon Crawl Stone Soup version 0.28-a0-723-g095bd1b44f (webtiles) character file.

Game seed: 7140584999706670697

182 cheechan the Chopper (level 5, -9/37 HPs)
             Began as an Octopode Chaos Knight on Oct 25, 2021.
             Was an Initiate of Gozag.
             Mangled by a gnoll (16 damage)
             ... on level 4 of the Dungeon.
             The game lasted 00:08:25 (2942 turns).

cheechan the Chopper (Octopode Chaos Knight)        Turns: 2942, Time: 00:08:25

Health: -9/37      AC:  1    Str: 12    XL:     5   Next: 62%
Magic:  5/5        EV: 13    Int: 13    God:    Gozag
Gold:   96         SH:  0    Dex: 11    Spells: 4/4 levels left

rFire   . . .      SeeInvis .   a - +0 hand axe (chaos)
rCold   + . .      Faith    .   (no shield)
rNeg    . . .      Spirit   .   (helmet restricted)
rPois   +          Reflect  .   (no amulet)
rElec   .          Harm     .   e - ring of poison resistance
rCorr   .          Rampage  .   (no ring)
Will    .....                   (no ring)
Stlth   +++.......              (no ring)
HPRegen 0.12/turn               (no ring)
MPRegen 0.09/turn               (no ring)
                                (no ring)
                                (no ring)

@: no status effects
A: almost no armour, amphibious, 8 rings, camouflage 1, gelatinous body 1,
(nimble swimmer 1), tentacles, cold resistance 1, dopey 1
a: Renounce Religion, Potion Petition, Call Merchant, Bribe Branch


You were on level 4 of the Dungeon.
You worshipped Gozag.
Gozag was noncommittal.
You visited 1 branch of the dungeon, and saw 4 of its levels.

You collected 106 gold pieces.
You paid 10 gold pieces to Gozag.

Inventory:

Hand Weapons
 a - a +0 hand axe of chaos (weapon)
 h - a +0 eveningstar
 k - a +0 shortbow
 n - a +0 war axe
Missiles
 d - 37 arrows
 g - 41 stones
 j - 35 sling bullets
 m - 3 boomerangs (quivered)
Magical Staves
 b - a staff of poison
Jewellery
 e - a ring of poison resistance (left tentacle)
Scrolls
 f - a scroll of identify
Potions
 c - a potion of magic
 i - a potion of might
 l - a potion of curing


   Skills:
 + Level 3.8 Fighting
 + Level 4.5 Axes
 + Level 1.0 Bows
 + Level 3.0 Dodging
 + Level 2.6 Stealth


You had 4 spell levels left.
You didn't know any spells.
Your spell library was empty.

Dungeon Overview and Level Annotations

Branches:
Dungeon (4/15)
 Temple: D:4-7

Altars:
Ashenzari
Fedhas
Gozag
Hepliaklqana
Trog
Xom


Innate Abilities, Weirdness & Mutations

You cannot wear most types of armour.
You are amphibious.
You can wear up to eight rings at the same time.
Your skin changes colour to match your surroundings (Stealth+).
Your rubbery body absorbs attacks. (AC +1, EV +1)
((You are camouflaged near water. (Stealth+)))
You have tentacles for arms and can constrict up to eight enemies at once.
Your flesh is cold resistant. (rC+)
You are dopey. (Int -2)


Message History

A kobold comes into view. It is wielding a +0 dagger.
Okay, then.
Okay, then.
A gnoll shaman comes into view. It is wielding a +0 club.
The gnoll misses you.
There is a stone staircase leading up here.
You climb upwards.
There is a stone staircase leading down here.
You start resting. "Let me alter your body."
Your body is suffused with distortional energy.
Your system partially rejects the healing effects of potions.
You feel stupid.
Your system completely accepts the healing effects of potions.
You feel resistant to cold.
You start resting.
HP restored.
As you read the scroll labelled VOSTITAMMAJ {god gift}, it crumbles to dust.
Your body is wracked with pain!
It was a scroll of torment.
You start resting.
HP restored.
Okay, then.
Your +0 hand axe of chaos is briefly surrounded by a scintillating aura of random colours.
a - a +0 hand axe of chaos (weapon)
You climb downwards.
The gnoll hits you with a +0 halberd!
There is a stone staircase leading up, spattered with blood here.
You hit the gnoll but do no damage.
Space warps horribly around the gnoll.
You grab the gnoll.
The gnoll is heavily wounded.
You constrict the gnoll. The gnoll barely misses you.
You hit the gnoll.
The gnoll is severely wounded.
You constrict the gnoll, but do no damage.
The gnoll hits you with a +0 halberd!
* * * LOW HITPOINT WARNING * * *
The gnoll hits you from afar with a +0 spear.
* * * LOW HITPOINT WARNING * * *
The gnoll hits you with a +0 halberd!
You die...
Your body crumbles into a pile of gold.

#.#
#########.#
#...gg....#
#.#########
#.# #.# #g#
#g# #@# ###


You could see 2 gnolls.

Vanquished Creatures
  A centaur (D:3)
  An iguana (D:4)
  3 adders
  An orc (D:3)
  2 endoplasms
  A giant cockroach (D:1)
  7 goblins
  3 hobgoblins (D:3)
  2 quokkas
  6 ball pythons
  6 bats
  4 kobolds
  6 rats
43 creatures vanquished.

Notes
Turn   | Place    | Note
-------+----------+-------------------------------------------
     0 | D:1      | cheechan the Octopode Chaos Knight began the quest for the
                  | Orb.
     0 | D:1      | Reached XP level 1. HP: 16/16 MP: 1/1
   112 | D:1      | XOM: divination: magic mapping
   290 | D:1      | Reached XP level 2. HP: 13/21 MP: 2/2
   622 | D:1      | XOM: divination: detect creatures
  1254 | D:2      | XOM: 2-stop teleportation journey
  1284 | D:2      | XOM: 2-stop teleportation journey
  1344 | D:2      | XOM: 1-stop teleportation journey
  1387 | D:2      | Reached XP level 3. HP: 26/26 MP: 3/3
  1403 | D:2      | XOM: scenery: create altars
  1696 | D:3      | Found a broken altar of Ashenzari.
  1804 | D:3      | Noticed a centaur
  1815 | D:3      | Killed a centaur
  1816 | D:3      | Reached skill level 4 in Axes
  1816 | D:3      | Reached XP level 4. HP: 14/33 MP: 4/4
  1816 | D:3      | Reached XP level 5. HP: 16/37 MP: 5/5
  2032 | D:3      | Found a hazy altar of Hepliaklqana.
  2039 | D:3      | Found a bloodstained altar of Trog.
  2039 | D:3      | Found an opulent altar of Gozag.
  2040 | D:3      | Found a blossoming altar of Fedhas.
  2064 | D:3      | Fell from the grace of Xom
  2064 | D:3      | Became a worshipper of Gozag Ym Sagoz the Greedy
  2153 | D:3      | Found a faded altar of an unknown god.
  2585 | D:4      | Reached skill level 1 in Bows
  2621 | D:4      | XOM: god gift: scroll labelled VOSTITAMMAJ {god gift}
  2689 | D:3      | XOM: give mutations
  2689 | D:3      | Gained mutation: Potions are less effective at restoring
                  | your health. [Xom's mischief]
  2689 | D:3      | Gained mutation: You are dopey. (Int -2) [Xom's mischief]
  2689 | D:3      | Lost mutation: Potions are less effective at restoring your
                  | health. [Xom's mischief]
  2689 | D:3      | Gained mutation: Your flesh is cold resistant. (rC+) [Xom's
                  | mischief]
  2942 | D:4      | Mangled by a gnoll

Illustrated notes

Levels and vault maps discovered:
D:1:      eino_arrival_druids_welcome, layout_loops_cross
D:2:      layout_rooms
D:3:      layout_loops_ring, ashenzari_altar_1,
          chequers_temple_overflow_statue_of_worship,
          hellmonk_ecumenical_altar_pennies_from_heaven, minmay_liquid_box
D:4:      layout_basic, lemuel_another_geyser

Skill      XL: |  1  2  3  4  5 |
---------------+----------------+-----
Axes           | 4 |  4.5
Dodging        | 3 |  3.0
Stealth        | 2 |  2.6
Bows           | 1 |  1.0
Fighting       | |  3.8

Action                   |  1- 3 |  4- 6 || total
-------------------------+-------+-------++-------
Melee: Hand axe          |    66 |     5 ||    71
       Constrict         |    13 |     3 ||    16
       Tentacles         |    10 |     1 ||    11
 Fire: Shortbow          |       |    31 ||    31
  Use: Scroll            |     5 |     4 ||     9
 Stab: Sleeping          |     6 |       ||     6
Armor: Skin              |     8 |     1 ||     9
Dodge: Dodged            |    72 |    13 ||    85

Table legend: (Time is in decaauts)
 A = Elapsed time spent in this place.
 B = Non-inter-level travel time spent in this place.
 C = Inter-level travel time spent in this place.
 D = Time resting spent in this place.
 E = Time spent auto-exploring this place.
 F = Levels seen in this place.
 G = Mean time per level.
                   A        B        C        D        E       F      G
               +--------+--------+--------+--------+--------+-----+--------+
         Total |   2957 |   2955 |      2 |   1076 |      0 |   4 |  739.2 |
       Dungeon |   2957 |   2955 |      2 |   1076 |      0 |   4 |  739.2 |
               +--------+--------+--------+--------+--------+-----+--------+

Top non-repeatable levels by time:
     D:3: 1142 daAuts
     D:1: 858 daAuts
     D:2: 815 daAuts
     D:4: 140 daAuts
